 Dungeon Crawl Stone Soup version 0.26-a0-949-ga0cc1ef5f6 (webtiles) character file.

Game seed: 10034119840683397202

39 mhtbhm the Cudgeller (level 3, -3/36 HPs)
             Began as a Troll Berserker on Nov 28, 2020.
             Was a Believer of Trog.
             Slain by Robin
             ... wielding a +4 vorpal spear
              (9 damage)
             ... on level 2 of the Dungeon.
             The game lasted 00:01:33 (1341 turns).

mhtbhm the Cudgeller (Troll Berserker)              Turns: 1341, Time: 00:01:34

Health: -3/36      AC:  7    Str: 26    XL:     3   Next: 28%
Magic:  2/2        EV: 10    Int:  3    God:    Trog [**....]
Gold:   185        SH:  0    Dex:  9    Spells: 2/2 levels left

rFire    + . .     SeeInvis .   a - +0 mace
rCold    + . .     Faith    .   (no shield)
rNeg     + . .     Spirit   .   b - +0 animal skin
rPois    +         Reflect  .   (helmet restricted)
rElec    +         Harm     .   k - +0 cloak (curse)
rCorr    +         Rampage  .   (gloves unavailable)
MR       .....                  (boots unavailable)
Stlth    +.........             (no amulet)
HPRegen  0.52/turn              h - ring of positive energy
MPRegen  0.08/turn              (no ring)

@: resistant, berserk cooldown, slowed, very slow
A: large, unfitting armour, claws 3, regeneration 1, shaggy fur 1, tough skin 3
a: Berserk, Trog's Hand, Renounce Religion


You were on level 2 of the Dungeon.
You worshipped Trog.
Trog was pleased with you.
You visited 1 branch of the dungeon, and saw 2 of its levels.

You collected 185 gold pieces.

Inventory:

Hand Weapons
 a - a +0 mace (weapon)
Missiles
 e - 26 poisoned darts
 j - 4 javelins
Armour
 b - a +0 animal skin (worn)
 k - a cursed +0 cloak (worn)
Jewellery
 h - a ring of positive energy (left claw)
Wands
 m - a wand of random effects (14)
Scrolls
 d - 2 scrolls of remove curse
 f - a scroll of identify {unknown}
 g - 2 scrolls of enchant weapon {unknown}
 i - a scroll of teleportation {unknown}
 l - a scroll of fog {unknown}
 n - a scroll of immolation {unknown}
Potions
 o - a potion of flight {unknown}
 p - a potion of cancellation {unknown}
 q - a potion of attraction {unknown}
 r - a potion of invisibility {unknown}


   Skills:
 + Level 2.7 Fighting
 + Level 3.2 Maces & Flails
 + Level 2.9 Dodging


You had 2 spell levels left.
You didn't know any spells.
Your spell library was empty.

Dungeon Overview and Level Annotations

Branches:
Dungeon (2/15)

Altars:
Kikubaaqudgha
Xom

Annotations:
D:2 Robin


Innate Abilities, Weirdness & Mutations

You are too large for most types of armour.
You have claws for hands.
Your natural rate of healing is unusually fast.
You are covered in fur. (AC +1)
You have extremely tough skin. (AC +3)


Message History

2 goblins come into view.
The goblin shouts! x2
Robin hits you with a +4 vorpal spear.
* * * LOW HITPOINT WARNING * * *
x2
Things that are here:
a +0 club; a hobgoblin corpse You feel a strong urge to attack something.
You are no longer berserk.
You are exhausted.
You feel yourself slow down.
Unknown command.
It was a potion of resistance.
You feel protected.
The goblin no longer looks unusually strong.
Robin roars a battlecry!
The goblin goes into a battle-frenzy!
The goblin hits you with a +0 club.
* * * LOW HITPOINT WARNING * * *
Robin hits you with a +4 vorpal spear!
You die...

#####...#
....(...# #.#
........## #.#
.........# #.#
.....#...# #.#
######...##### #.#
.......... ..# #g#
........## #.# #g#
.._.......##.###@#
.............).g.#
.#........##.#####
.#........ #.#
........## #.#
.####...####'##
..###.........#
....##........#
....##>.......#


You could see Robin and 2 goblins.

Vanquished Creatures
  2 leopard geckos
  A giant cockroach (D:1)
  12 goblins
  8 hobgoblins
  2 jackals (D:2)
  3 frilled lizards (D:1)
  A kobold (D:1)
  3 rats
32 creatures vanquished.

Notes
Turn   | Place    | Note
-------+----------+-------------------------------------------
     0 | D:1      | mhtbhm the Troll Berserker began the quest for the Orb.
     0 | D:1      | Reached XP level 1. HP: 22/22 MP: 0/0
   193 | D:1      | Reached XP level 2. HP: 26/29 MP: 1/1
   273 | D:1      | Reached skill level 3 in Maces & Flails
   870 | D:2      | Reached XP level 3. HP: 36/36 MP: 2/2
   937 | D:2      | Found a shimmering altar of Xom.
   959 | D:2      | Reached ** piety under Trog
  1023 | D:2      | Found an ancient bone altar of Kikubaaqudgha.
  1325 | D:2      | Noticed Robin
  1341 | D:2      | Slain by Robin

Illustrated notes

Levels and vault maps discovered:
D:1:      saegor_arrival_simple_a, layout_loops_corners
D:2:      layout_basic, xom_butterflies, kiku_gazebo_pond_becter, uniq_robin

Skill      XL: |  1  2 |
---------------+-------+-----
Maces & Flails | 3 |  3.2
Fighting       | |  2.7
Dodging        | |  2.9

Action                   || total
-------------------------++-------
Melee: Mace              ||    97
Invok: Berserk           ||     1
  Use: Scroll            ||     1
       Potion            ||     1
Armor: Animal skin       ||    35
Dodge: Dodged            ||    51

Table legend: (Time is in decaauts)
 A = Elapsed time spent in this place.
 B = Non-inter-level travel time spent in this place.
 C = Inter-level travel time spent in this place.
 D = Time resting spent in this place.
 E = Time spent auto-exploring this place.
 F = Levels seen in this place.
 G = Mean time per level.
                   A        B        C        D        E       F      G
               +--------+--------+--------+--------+--------+-----+--------+
         Total |   1363 |   1363 |      0 |      0 |   1059 |   2 |  681.5 |
       Dungeon |   1363 |   1363 |      0 |      0 |   1059 |   2 |  681.5 |
               +--------+--------+--------+--------+--------+-----+--------+

Top non-repeatable levels by time:
     D:1: 779 daAuts
     D:2: 584 daAuts
